 Dungeon Crawl Stone Soup version 0.16-a0-2388-g8c53b03 (console) character file.

406 Kellhus the Conjurer (level 6, -2/41 HPs)
             Began as a Vampire Wizard on Nov 18, 2014.
             Was a Priest of Makhleb.
             Slain by ztt's ghost (14 damage)
             ... on level 4 of the Dungeon.
             The game lasted 00:07:33 (4384 turns).

Kellhus the Conjurer (Vampire Wizard)               Turns: 4384, Time: 00:07:33

Health: -2/41      AC:  2    Str:  6    XL:     6   Next: 56%
Magic:  3/12       EV: 12    Int: 22    God:    Makhleb [***...]
Gold:   221        SH:  0    Dex: 12    Spells: 3 memorised, 4 levels left

rFire  . . .     SeeInvis +     a - +2 short sword (speed)
rCold  . . .     Clarity  .     l - +0 robe
rNeg   . . .     SustAb   .     (no shield)
rPois  .         Gourm    .     b - +0 hat
rElec  .         Spirit   .     (no cloak)
rCorr  .         Warding  .     (no gloves)
rMut   .         Stasis   .     (no boots)
MR     +....                    (no amulet)
Stlth  ++........               (no ring)
                                p - ring of protection from magic

@: regenerating quickly, somewhat resistant to hostile enchantments, unstealthy
A: bottle blood, fangs 3, see invisible, unbreathing
a: Minor Destruction, Lesser Servant of Makhleb, Renounce Religion


You were on level 4 of the Dungeon.
You worshipped Makhleb.
Makhleb was most pleased with you.
You were very full.

You visited 1 branch of the dungeon, and saw 5 of its levels.

You collected 221 gold pieces.

Inventory:

Hand weapons
 a - a +2 short sword of speed (weapon)
Armour
 b - a +0 hat (worn)
 l - a +0 robe (worn)
Jewellery
 p - a ring of protection from magic (left hand)
Scrolls
 d - a scroll of blinking {unknown}
 f - 5 scrolls of identify {unknown}
 h - 3 scrolls of remove curse {unknown}
 k - a scroll of teleportation {unknown}
 m - a scroll of noise {unknown}
 n - a scroll of immolation {unknown}
 o - 2 scrolls of magic mapping {unknown}
 u - a scroll of enchant weapon {unknown}
Potions
 e - a potion of cure mutation {unknown}
 g - 2 potions of cancellation {unknown}
 i - 2 potions of heal wounds {unknown}
 j - a potion of invisibility {unknown}
 r - a potion of haste {unknown}
 t - a potion of flight {unknown}
Books
 c - a book of Minor Magic

   Spells                             Type                      Level
   *Magic Dart                        Conjuration                  1
   Blink                              Translocation                2
   Call Imp                           Summoning                    2
   Repel Missiles                     Charms/Air                   2
   Slow                               Hexes                        2
   *Conjure Flame                     Conjuration/Fire             3
   *Mephitic Cloud                    Conjuration/Poison/Air       3
 q - a book of Envenomations

   Spells                             Type                      Level
   Spider Form                        Transmutation/Poison         3
   Alistair's Intoxication            Transmutation/Poison         4
   Olgreb's Toxic Radiance            Poison                       4
   Poisonous Cloud                    Conjuration/Poison/Air       6
 s - a book of Battle

   Spells                             Type                      Level
   Infusion                           Charms                       1
   Shroud of Golubria                 Charms/Translocation         2
   Song of Slaying                    Charms                       2
   Spectral Weapon                    Hexes/Charms                 3
   Regeneration                       Charms/Necromancy            3


   Skills:
 - Level 2.1 Dodging
 - Level 3.0 Stealth
 - Level 3.0 Spellcasting
 + Level 5.1 Conjurations
   Level 1.0 Summonings
   Level 0.7 Translocations


You had 4 spell levels left.
You knew the following spells:

 Your Spells              Type           Power        Failure   Level  Hunger
a - Magic Dart            Conj           ####         1%          1    None
b - Conjure Flame         Conj/Fire      ##......     14%         3    ###....
c - Mephitic Cloud        Conj/Pois/Air  ##......     21%         3    ###....


Dungeon Overview and Level Annotations

Branches:
Dungeon (5/15)
 Temple: D:4-7

Altars:
Makhleb
Nemelex Xobeh
Yredelemnul

Annotations:
D:4 ztt's ghost, average MiFi


Innate Abilities, Weirdness & Mutations

Your natural rate of healing is unusually fast.
You can bottle blood from corpses.
You have razor-sharp teeth.
You have supernaturally acute eyesight.
You can survive without breathing.


Message History

Press: ? - help, Shift-Dir - straight line, f/p - ztt's ghost
Aim: ztt's ghost, wielding a weapon of protection(flame, heavily damaged)
The magic dart hits ztt's ghost.
Ztt's ghost is heavily damaged.
Ztt's ghost is engulfed in roaring flames.
Ztt's ghost hits you.
Unknown command.
Press: ? - help, v - describe, . - travel
Here: ztt's ghost, wielding a weapon of protection(flame, severely damaged)
An open door.
Casting: Magic Dart
Confirm with . or Enter, or press ? or * to list all spells.
Aiming: Magic Dart
Press: ? - help, Shift-Dir - straight line, f/p - ztt's ghost
Aim: ztt's ghost, wielding a weapon of protection(flame, severely damaged)
The magic dart hits ztt's ghost.
Ztt's ghost is severely damaged.
Ztt's ghost is engulfed in roaring flames.
Ztt's ghost hits you!
You die...

.....##+###+###..............
.....#........+..............
.>...'........#..............
.....#........#.....^.........
.....#.####...#...............
###'##.####...##+####'#####+####
#.....#.......................#
#.....+.......................+
##.##'###..####@######..####+##
###....#..####W######.†##....##
#....'..W....#....#..........
#....#.......†....'..........
#....#.......#....#..........
#....#.......#....#..........
#....########################
######


You could see ztt's ghost.

Vanquished Creatures
  2 hounds
  An orc priest (D:4)
  2 worker ants (D:4)
  An orc wizard (D:3)
  Terence (D:3)
  10 adders
  4 gnolls (D:4)
  3 worms
  A giant gecko (D:2)
  An ooze (D:1)
  8 orcs
  10 bats
  A bat skeleton (D:5)
  4 hobgoblins
  6 jackals
  12 kobolds
  2 quokkas
  6 giant cockroaches
  2 giant newts
  6 goblins
  24 rats
107 creatures vanquished.

Notes
Turn   | Place    | Note
--------------------------------------------------------------
     0 | D:1      | Kellhus, the Vampire Wizard, began the quest for the Orb.
     0 | D:1      | Reached XP level 1. HP: 13/13 MP: 4/4
   158 | D:1      | Reached skill level 1 in Conjurations
   551 | D:1      | Reached XP level 2. HP: 19/19 MP: 0/6
  1346 | D:2      | Reached XP level 3. HP: 22/24 MP: 0/7
  1565 | D:2      | Found a basalt altar of Yredelemnul.
  1565 | D:2      | Found a burning altar of Makhleb.
  1573 | D:2      | Became a worshipper of Makhleb the Destroyer
  1617 | D:2      | Found a sparkling altar of Nemelex Xobeh.
  1768 | D:2      | Reached XP level 4. HP: 16/30 MP: 0/9
  2429 | D:3      | Acquired Makhleb's first power
  2521 | D:3      | Reached XP level 5. HP: 35/35 MP: 8/11
  2665 | D:3      | Noticed Terence
  2688 | D:3      | Killed Terence
  2890 | D:3      | Reached skill level 4 in Conjurations
  3373 | D:3      | Acquired Makhleb's second power
  3534 | D:3      | Learned a level 3 spell: Conjure Flame
  3538 | D:3      | Learned a level 3 spell: Mephitic Cloud
  3695 | D:4      | Reached XP level 6. HP: 41/41 MP: 7/12
  3998 | D:5      | Entered Level 5 of the Dungeon
  4095 | D:5      | Acquired Makhleb's third power
  4146 | D:4      | Reached skill level 5 in Conjurations
  4352 | D:4      | Noticed ztt's ghost (average MiFi)
  4384 | D:4      | Slain by ztt's ghost

Action                   |  1- 3 |  4- 6 || total
-------------------------+-------+-------++-------
Melee: Unarmed           |    14 |       ||    14
       Short sword       |     9 |    93 ||   102
 Cast: Magic Dart        |    90 |   184 ||   274
       Mephitic Cloud    |       |     2 ||     2
       Conjure Flame     |       |     1 ||     1
  Eat: Corpse            |    12 |    13 ||    25
